 Dungeon Sprint DCSS version 0.24.0-123-gd5b16e6ec5 (webtiles) character file.

Game seed: 10544706204728034871, levelgen mode: deterministic

28441 Ponchio the Sorcerer (level 13, -9/83 HPs)
             Began as a Deep Elf Earth Elementalist on Feb 9, 2020.
             Was the Champion of Vehumet.
             Mangled by the 27-headed Lernaean hydra (11 damage)
             ... in the Dungeon (Sprint I: "Red Sonja").
             The game lasted 00:35:43 (5678 turns).

Ponchio the Sorcerer (Deep Elf Earth Elementalist)  Turns: 5678, Time: 00:35:43

Health: -9/83      AC:  5    Str:  5    XL:     13   Next: 9%
Magic:  51/51      EV: 20    Int: 26    God:    Vehumet [******]
Gold:   515        SH:  0    Dex: 15    Spells: 37/58 levels left

rFire    . . .     SeeInvis .   m - +1 dagger (venom)
rCold    . . .     Gourm    .   (no shield)
rNeg     . . .     Faith    .   n - +2 robe {Archmagi}
rPois    .         Spirit   .   (no helmet)
rElec    .         Reflect  .   d - +0 cloak
rCorr    .         Harm     .   (no gloves)
MR       +....     NoTele   +   (no boots)
Stlth    ++........             (no amulet)
HPRegen  0.23/turn              c - ring of magical power
MPRegen  0.32/turn              (no ring)

@: very slightly contaminated, studying Invocations, lightly drained
A: blink, screaming 1
a: Blink, Renounce Religion


You were in the Dungeon.
You worshipped Vehumet.
Vehumet was exalted by your worship.
You were near starving.

You visited 1 branch You collected 1799 gold pieces.
You spent 1284 gold pieces at shops.

Inventory:

Hand Weapons
 m - a +1 dagger of venom (weapon)
Missiles
 b - 44 stones (quivered)
Armour
 d - a +0 cloak (worn)
 n - a +2 robe of the Archmagi (worn)
Jewellery
 c - a ring of magical power (left hand)
Wands
 a - a wand of polymorph (5)
Scrolls
 l - 5 scrolls of identify
Potions
 e - 4 potions of curing
 g - a potion of haste
 h - a potion of magic
 k - 2 potions of agility
 p - a potion of might {unknown}
Books
 o - a manual of Invocations
Comestibles
 i - a ration


   Skills:
 - Level 10.6(10.0) Fighting
 - Level 11.4(10.9) Dodging
 - Level 2.4(2.0) Stealth
 + Level 23.3(22.6) Spellcasting
 + Level 7.0(6.5) Conjurations
 - Level 1.1(0.7) Transmutations
 - Level 22.4(21.8) Earth Magic


You had 37 spell levels left.
You knew the following spells:

 Your Spells              Type           Power        Failure   Level  Hunger
a - Sandblast             Erth           ######       0%          1    None
b - Passwall              Tmut/Erth      #######.     1%          2    None
c - Stone Arrow           Conj/Erth      ######       0%          3    None
d - Petrify               Tmut/Erth      #######.     1%          4    None
e - Lee's Rapid Deconstr  Erth           ########..   0%          5    None
f - Iron Shot             Conj/Erth      ########..   1%          6    None

Your spell library contained the following spells:

 Spells                   Type           Power        Failure   Level  Hunger
 Ozocubu's Refrigeration  Ice            #####.....   43%         6    None


Dungeon Overview and Level Annotations

Branches:
Dungeon (1/1)

Altars:
Cheibriados
Dithmenos
Elyvilon
Fedhas
Gozag
Hepliaklqana
Kikubaaqudgha
Makhleb
Nemelex Xobeh
Okawaru
Qazlal
Ru
Sif Muna
Trog
Uskayaw
Vehumet
Wu Jian
Xom
Yredelemnul
Zin
The Shining One
Jiyva
Lugonu

Shops:
D (**!*:[[}(==(*=%(*=[[

Annotations:
D Lernaean hydra


Innate Abilities, Weirdness & Mutations

You can translocate small distances at will.
You occasionally shout uncontrollably at your foes.


Message History

You see here a +0 spear.
You avoid triggering an arrow trap.
You are engulfed in a cloud of scalding steam.
There is an arrow trap here.
You are engulfed in a cloud of scalding steam.
There is an open door here.
There is an open door here.
The 27-headed Lernaean hydra is engulfed in a cloud of scalding steam.
The 27-headed Lernaean hydra bites you. The 27-headed Lernaean hydra bites you!
The 27-headed Lernaean hydra completely misses you.
The 27-headed Lernaean hydra bites you. The 27-headed Lernaean hydra bites you!
* * * LOW HITPOINT WARNING * * *
The 27-headed Lernaean hydra completely misses you.
The 27-headed Lernaean hydra barely misses you.
The 27-headed Lernaean hydra bites you.
* * * LOW HITPOINT WARNING * * *
The 27-headed Lernaean hydra bites you!
* * * LOW HITPOINT WARNING * * *
The 27-headed Lernaean hydra bites you!
You die...

##############################
).)#..#§§.§'§§§§@D§..#^^'§§.§#
...##'#§####§.§§§##..'^§#$§§.##
...'..#§# ##.§§#######)#.$§$.#
####.§'§# ###'#.[(##§.#$§§§§#
..##'#### #.##...#.)##§§§.#
§.#..§○○# #..###.#.D≈###§##
§§#.○).°+ ##)#)#.#..≈.)#)#
#§###○°○# #..###.#..≈)## #
#.§.#..°# #.##...#..≈##


You could see the 27-headed Lernaean hydra.

Vanquished Creatures
  A daeva (D)
  3 fire giants (D)
  A deep elf annihilator (D)
  A mummy priest (D)
  A hydra (D)
  2 centaur warriors (D)
  Sonja (D)
  7 unseen horrors (D)
  A deep troll (D)
  A lindwurm (D)
  2 oklob plants (D)
  8 shining eyes (D)
  2 merfolk sirens (D)
  A gargoyle (D)
  4 demonic crawlers (D)
  2 kobold demonologists (D)
  A hellwing (D)
  A slime creature (D)
  5 hornets (D)
  Sigmund (D)
  2 redbacks (D)
  A yak (D)
  13 hogs (D)
  7 floating eyes (D)
  7 necrophages (D)
  An ogre (D)
  8 jellies (D)
  Ijyb (D)
  A ballistomycete spore (D)
87 creatures vanquished.

Vanquished Creatures (others)
  A gargoyle (D)
  A ballistomycete spore (D)
2 creatures vanquished.

Grand Total: 89 creatures vanquished

Notes
Turn   | Place    | Note
-------+----------+-------------------------------------------
     0 | D        | Ponchio the Deep Elf Earth Elementalist began the quest for
                  | the Orb.
     0 | D        | Reached XP level 1. HP: 10/10 MP: 6/6
     2 | D        | Noticed Ijyb
    14 | D        | Killed Ijyb
    14 | D        | Reached skill level 5 in Spellcasting
    14 | D        | Reached XP level 2. HP: 4/15 MP: 7/10
   270 | D        | Learned a level 2 spell: Passwall
   270 | D        | Noticed an ogre
   273 | D        | Killed an ogre
   273 | D        | Reached skill level 8 in Spellcasting
   273 | D        | Reached XP level 3. HP: 4/19 MP: 8/15
   273 | D        | Reached XP level 4. HP: 5/24 MP: 8/16
   278 | D        | Learned a level 3 spell: Stone Arrow
   283 | D        | Learned a level 4 spell: Petrify
   616 | D        | Noticed Sigmund
   619 | D        | Killed Sigmund
   619 | D        | Reached skill level 11 in Spellcasting
   619 | D        | Reached skill level 10 in Earth Magic
   619 | D        | Reached XP level 5. HP: 19/28 MP: 13/20
   619 | D        | Reached XP level 6. HP: 21/32 MP: 14/22
   626 | D        | Learned a level 5 spell: Lee's Rapid Deconstruction
   737 | D        | Found a burning altar of Makhleb.
   737 | D        | Found a viscous altar of Jiyva.
   737 | D        | Found a shimmering altar of Xom.
   737 | D        | Found a corrupted altar of Lugonu.
   737 | D        | Noticed a slime creature
   741 | D        | Killed a slime creature
   741 | D        | Reached skill level 12 in Spellcasting
   833 | D        | Found an ornate altar of the Wu Jian Council.
   833 | D        | Found a shimmering blue altar of Sif Muna.
   835 | D        | Found a radiant altar of Vehumet.
   839 | D        | Reached skill level 13 in Spellcasting
   902 | D        | Became a worshipper of Vehumet
   924 | D        | Found Odedam's Distillery.
   924 | D        | Found an ancient bone altar of Kikubaaqudgha.
   924 | D        | Found a hazy altar of Hepliaklqana.
   924 | D        | Found a stormy altar of Qazlal.
   924 | D        | Found a hide-covered altar of Uskayaw.
   924 | D        | Found a blossoming altar of Fedhas.
   924 | D        | Found a bloodstained altar of Trog.
   924 | D        | Found an iron altar of Okawaru.
   924 | D        | Found a basalt altar of Yredelemnul.
   924 | D        | Found a glowing golden altar of the Shining One.
   924 | D        | Found a snail-covered altar of Cheibriados.
   924 | D        | Found a sacrificial altar of Ru.
   924 | D        | Found a glowing silver altar of Zin.
   924 | D        | Found a shadowy altar of Dithmenos.
   924 | D        | Found a white marble altar of Elyvilon.
   924 | D        | Noticed a yak
   928 | D        | Killed a yak
   928 | D        | Reached XP level 7. HP: 23/40 MP: 5/25
   929 | D        | Found an opulent altar of Gozag.
  1054 | D        | Found a sparkling altar of Nemelex Xobeh.
  1072 | D        | Noticed a centaur warrior
  1075 | D        | Noticed a centaur warrior
  1090 | D        | Killed a centaur warrior
  1090 | D        | Reached skill level 14 in Spellcasting
  1090 | D        | Reached XP level 8. HP: 18/48 MP: 21/28
  1093 | D        | Killed a centaur warrior
  1093 | D        | Reached * piety under Vehumet
  1093 | D        | Offered knowledge of Magic Dart by Vehumet.
  1093 | D        | Reached skill level 5 in Fighting
  1093 | D        | Reached skill level 15 in Spellcasting
  1215 | D        | Killed a gargoyle
  1312 | D        | Noticed a hornet
  1316 | D        | Killed a hornet
  1316 | D        | Reached XP level 9. HP: 55/55 MP: 15/30
  1426 | D        | Noticed Sonja
  1427 | D        | Killed Sonja
  1427 | D        | Reached skill level 10 in Dodging
  1558 | D        | Found Ninoxt's Antique Weapon Boutique.
  1578 | D        | Noticed a deep troll
  1590 | D        | Killed a deep troll
  1590 | D        | Offered knowledge of Flame Tongue by Vehumet.
  1590 | D        | Reached ** piety under Vehumet
  1590 | D        | Reached skill level 16 in Spellcasting
  1747 | D        | Bought a potion of experience for 600 gold pieces
  1747 | D        | Reached XP level 10. HP: 64/64 MP: 32/32
  1867 | D        | Noticed an oklob plant
  1873 | D        | Killed an oklob plant
  1873 | D        | Reached skill level 15 in Earth Magic
  1988 | D        | Offered knowledge of Static Discharge by Vehumet.
  1990 | D        | Reached skill level 17 in Spellcasting
  2093 | D        | Found Modosm's Armour Emporium.
  2218 | D        | Killed an unseen horror
  2218 | D        | Reached *** piety under Vehumet
  2218 | D        | Killed an unseen horror
  2218 | D        | Offered knowledge of Dazzling Spray by Vehumet.
  2218 | D        | Reached XP level 11. HP: 21/71 MP: 18/34
  2487 | D        | Reached **** piety under Vehumet
  2495 | D        | Offered knowledge of Bolt of Draining by Vehumet.
  2555 | D        | Reached ***** piety under Vehumet
  2557 | D        | Reached skill level 10 in Fighting
  2680 | D        | Found Gavvehug's General Store.
  2680 | D        | Found Dezuq's Antique Armour Shoppe.
  2681 | D        | Found Zennagh's Jewellery Emporium.
  2681 | D        | Found Wuthy's Gadget Boutique.
  2685 | D        | Offered knowledge of Olgreb's Toxic Radiance by Vehumet.
  2687 | D        | Found Usatt's Armour Shop.
  2688 | D        | Found Omaih's Armour Emporium.
  2705 | D        | Found Veggug's Antique Weapon Emporium.
  2705 | D        | Found Toik's Jewellery Shop.
  2705 | D        | Found Ofienine's Jewellery Shoppe.
  2705 | D        | Found Uniat's Weapon Boutique.
  2705 | D        | Found Sutit's Assorted Antiques.
  2705 | D        | Found Yhaf's Jewellery Shop.
  2705 | D        | Found Ipraxez's Food Shoppe.
  2709 | D        | Found Fiyrhuz's Antique Weapon Boutique.
  2769 | D        | Bought a +2 robe of the Archmagi for 414 gold pieces
  2816 | D        | Reached skill level 18 in Spellcasting
  2936 | D        | Noticed a lindwurm
  2938 | D        | Killed a lindwurm
  2938 | D        | Offered knowledge of Fulminant Prism by Vehumet.
  3034 | D        | Bought a ration for 70 gold pieces
  3052 | D        | Bought an uncursed ring of magical power for 200 gold
                  | pieces
  3214 | D        | Noticed a shining eye
  3214 | D        | Noticed a shining eye
  3214 | D        | Noticed a shining eye
  3216 | D        | Killed a shining eye
  3216 | D        | Reached skill level 19 in Spellcasting
  3216 | D        | Noticed a shining eye
  3216 | D        | Noticed a shining eye
  3219 | D        | Killed a shining eye
  3219 | D        | Reached ****** piety under Vehumet
  3219 | D        | Killed a shining eye
  3219 | D        | Offered knowledge of Bolt of Fire by Vehumet.
  3221 | D        | Killed a shining eye
  3225 | D        | Noticed a shining eye
  3225 | D        | Noticed a shining eye
  3226 | D        | Noticed a shining eye
  3227 | D        | Killed a shining eye
  3227 | D        | Killed a shining eye
  3227 | D        | Gained mutation: You occasionally shout uncontrollably at
                  | your foes. [a shining eye]
  3228 | D        | Gained mutation: You can translocate small distances at
                  | will. [a shining eye]
  3229 | D        | Killed a shining eye
  3229 | D        | Killed a shining eye
  3258 | D        | Found Hacheugg's General Store.
  3258 | D        | Found Hiharui's General Store.
  3259 | D        | Found Rapholam's Book Boutique.
  3260 | D        | Found Quirinua's General Store.
  3327 | D        | Reached skill level 20 in Spellcasting
  3331 | D        | Reached XP level 12. HP: 74/79 MP: 37/38
  3391 | D        | Noticed a 12-headed hydra
  3402 | D        | Killed a 12-headed hydra
  3402 | D        | Offered knowledge of Conjure Ball Lightning by Vehumet.
  3712 | D        | Noticed a daeva
  3718 | D        | Reached skill level 21 in Spellcasting
  4306 | D        | Killed a daeva
  4306 | D        | Offered knowledge of Iron Shot by Vehumet.
  4314 | D        | Learned a level 6 spell: Iron Shot
  4392 | D        | Noticed a fire giant
  4394 | D        | Noticed a fire giant
  4716 | D        | Killed a fire giant
  4796 | D        | Noticed a fire giant
  4799 | D        | Killed a fire giant
  4799 | D        | Reached skill level 22 in Spellcasting
  4802 | D        | Noticed a fire giant
  4809 | D        | Killed a fire giant
  5042 | D        | Noticed a deep elf annihilator
  5049 | D        | Killed a deep elf annihilator
  5050 | D        | Reached skill level 5 in Conjurations
  5050 | D        | Reached XP level 13. HP: 58/83 MP: 24/41
  5051 | D        | Offered knowledge of Ozocubu's Refrigeration by Vehumet.
  5058 | D        | Reached skill level 23 in Spellcasting
  5207 | D        | HP: 1/83 [something (9)]
  5524 | D        | Noticed a mummy priest
  5525 | D        | Killed a mummy priest
  5654 | D        | Noticed the 27-headed Lernaean hydra
  5678 | D        | HP: 2/83 [the 27-headed Lernaean hydra (14)]
  5678 | D        | Mangled by the 27-headed Lernaean hydra

Levels and vault maps discovered:
D:        dungeon_sprint_1 [red_sonja_temple_1, red_sonja_temple_small_1]

Skill      XL: |  1  2  3  4  5  6  7  8  9 10 11 12 13 |
---------------+----------------------------------------+-----
Spellcasting   | 5 8 11 13 14 15 16 17 20 22 23 | 23.3
Earth Magic    | 6 8 10 12 13 14 15 19 22 | 22.4
Fighting       | 2 4 6 7 9 10 | 10.6
Dodging        | 4 7 9 11 | 11.4
Conjurations   | 5 7 |  7.0
Stealth        | |  2.4
Transmutations | |  1.1

Action                   |  1- 3 |  4- 6 |  7- 9 | 10-12 | 13-15 || total
-------------------------+-------+-------+-------+-------+-------++-------
Melee: Unarmed           |     9 |       |       |       |       ||     9
 Cast: Sandblast         |     2 |     4 |       |    12 |       ||    18
       Lee's Rapid Decon |       |     7 |    15 |    78 |     7 ||   107
       Petrify           |       |     1 |     4 |     1 |       ||     6
  Use: Potion            |     1 |       |     2 |     2 |     1 ||     6
       Scroll            |       |       |     2 |       |     3 ||     5
  Eat: Chunk             |       |       |     3 |     1 |       ||     4
       Ration            |       |       |       |     3 |       ||     3
Armor: Robe              |       |       |       |     6 |     5 ||    11
Dodge: Dodged            |     2 |     2 |     1 |    26 |     3 ||    34
